Map: 2000 Atmospheres LE

Players

James - Winner!

  • Race: Protoss Protoss
  • League: Platinum

SportsLiker

  • Race: Zerg Zerg
  • League: Gold

VOD

Have the link to the VOD?

Description

Time

  • Played on: Oct. 15, 2021, 3:29 p.m.
  • Length: 8:17
Show
View Real Time Build Order
Export as new Build Order

James Protoss - Winner!

Build Orders: 1 Gate Expand, Zealot Archon 

Get SALT Encoding   

  12  0:01  Probe  
  13  0:13  Probe  
  14  0:21  Pylon  
  14  0:25  Probe  
  15  0:39  Probe (Chrono Boost)  
  15  0:40  Gateway  
  17  0:50  Assimilator  
  17  0:51  Probe (Chrono Boost)  
  17  0:55  Probe (Chrono Boost)  
  18  1:05  Probe  
  19  1:17  Probe  
  20  1:26  Nexus  
  20  1:37  Cybernetics Core  
  20  1:39  Probe  
  21  1:52  Probe  
  21  1:53  Assimilator  
  22  2:04  Probe  
  23  2:22  Robotics Facility  
  23  2:24  Shield Battery  
  23  2:28  Pylon  
  23  2:37  Adept  
  23  2:38  Probe (Chrono Boost)  
  23  2:40  Probe (Chrono Boost)  
  27  2:48  Probe (Chrono Boost)  
  27  2:49  Warp Gate  
  27  2:50  Probe (Chrono Boost)  
  29  2:55  Probe x2 (Chrono Boost)  
  31  3:04  Probe x2 (Chrono Boost)  
  33  3:08  Sentry  
  35  3:16  Probe (Chrono Boost)  
  37  3:21  Pylon  
  37  3:22  Probe (Chrono Boost)  
  37  3:24  Pylon  
  37  3:26  Probe (Chrono Boost)  
  38  3:29  Probe (Chrono Boost)  
  38  3:33  Stalker  
  41  3:34  Probe  
  41  3:35  Observer  
  41  3:40  Probe  
  44  3:41  Assimilator  
  44  3:46  Probe  
  45  3:48  Assimilator  
  45  3:52  Probe  
  46  3:58  Probe  
  47  4:04  Probe  
  48  4:10  Probe  
  48  4:13  Immortal (Chrono Boost)  
  48  4:16  Probe  
  54  4:17  Pylon  
  54  4:19  Stalker  
  54  4:21  Pylon  
  54  4:22  Probe  
  57  4:29  Forge, Probe  
  57  4:31  Twilight Council  
  58  4:52  Pylon  
  58  4:56  Pylon  
  58  4:57  Charge  
  58  4:58  Gateway x2  
  58  5:01  Gateway  
  58  5:03  Protoss Ground Weapons Level 1 (Chrono Boost)  
  58  5:07  Pylon  
  58  5:13  Immortal  
  62  5:19  Gateway x2  
  62  5:22  Gateway  
  62  5:23  Gateway  
  62  5:25  Pylon  
  62  5:37  Pylon  
  62  5:43  Templar Archives  
  62  5:44  Pylon  
  62  5:53  Warp Prism  
  64  6:01  Zealot  
  64  6:02  Zealot x3  
  64  6:03  Pylon  
  72  6:19  Pylon  
  72  6:22  High Templar x3  
  72  6:23  High Templar  
  80  6:25  Zealot  
  80  6:26  Zealot x2  
  80  6:27  Zealot  
  80  6:31  Archon  
  80  6:32  Archon  
  88  7:01  High Templar x2  
  88  7:02  High Templar x2  
  88  7:03  Zealot x2  
  88  7:04  Zealot x2  
  88  7:07  Archon x2  
  92  7:31  Stalker x3  
  92  7:32  Stalker  
  94  7:43  High Templar x2  
  98  7:46  Zealot x2  
  98  7:48  Archon  
  100  8:05  Stalker x2  
  102  8:06  Stalker x2  
  102  8:07  Zealot  
  102  8:08  Zealot  
Show
View Real Time Build Order
Export as new Build Order

SportsLiker Zerg 

Build Orders: Hatch First, Roach Hydra 

Get SALT Encoding   

  12  0:00  Drone  
  13  0:12  Overlord  
  13  0:16  Drone  
  14  0:31  Drone x2  
  16  0:49  Hatchery  
  15  0:54  Drone  
  15  0:55  Drone  
  17  0:57  Drone  
  18  1:12  Spawning Pool  
  18  1:15  Drone  
  18  1:18  Drone  
  19  1:28  Drone  
  20  1:34  Extractor  
  20  1:39  Drone  
  20  1:50  Drone  
  21  2:01  Drone x2  
  21  2:05  Queen x2  
  27  2:10  Overlord  
  27  2:12  Overlord  
  27  2:23  Drone  
  27  2:29  Drone  
  29  2:32  Drone  
  29  2:34  Drone  
  31  2:41  Queen  
  33  2:46  Lair  
  33  2:49  Drone x2  
  35  2:53  Overlord  
  35  2:56  Drone  
  36  3:06  Drone x2  
  38  3:15  Drone x6  
  44  3:24  Evolution Chamber  
  43  3:31  Drone x4  
  43  3:33  Roach Warren  
  46  3:41  Extractor  
  46  3:42  Extractor  
  46  3:44  Drone x4  
  46  3:46  Drone  
  49  3:48  Overlord  
  49  3:51  Drone  
  49  3:52  Hatchery, Drone  
  49  3:54  Drone  
  49  3:55  Drone  
  52  4:08  Zerg Missile Weapons Level 1  
  52  4:09  Overlord  
  52  4:10  Overlord  
  52  4:12  Glial Reconstitution  
  52  4:21  Drone x2  
  52  4:23  Roach  
  56  4:24  Roach x2  
  56  4:28  Roach x2  
  64  4:40  Roach x4  
  72  4:50  Roach x2  
  76  5:03  Queen  
  76  5:06  Drone x4  
  82  5:08  Overlord  
  82  5:09  Overlord  
  82  5:23  Hydralisk Den, Evolution Chamber  
  82  5:24  Drone x2  
  82  5:27  Drone x7  
  89  5:42  Extractor  
  88  5:43  Extractor  
  88  5:45  Infestation Pit  
  88  5:49  Extractor  
  85  5:50  Drone x8  
  93  5:57  Drone x2  
  93  6:01  Overlord  
  95  6:43  Hatchery, Hydralisk x6  
  95  6:45  Overlord x4  
  95  6:46  Overlord  
  106  7:00  Grooved Spines  
  106  7:17  Hydralisk x9  
  122  7:24  Hydralisk x3  
  112  7:34  Roach x8  
  87  7:47  Roach x2  
Tags
 
Add a new tag
Caveats
  • Supply blocks, unpowered buildings, or Contaminate may cause inaccurate times.
  • Supply counts are checked every 10 seconds.